 Dungeon Sprint DCSS version 0.29.1-2-gbd0b4ee654 (webtiles) character file.

Game seed: 3449316478752397491

2025 Groucho the Covert (level 9, -8/48 HPs)
             Began as a Spriggan Fighter on Nov 20, 2022.
             Was a Follower of Uskayaw.
             Mangled by a manticore (10 damage)
             ... while petrified by a basilisk
             ... in the Dungeon (Sprint IX: "|||||||||||||||||||||||||||||").
             The game lasted 00:03:30 (1591 turns).

Groucho the Covert (Spriggan Fighter)               Turns: 1591, Time: 00:03:30

Health: -8/48      AC:  3    Str: 16    XL:     9   Next: 3%
Magic:  13/16      EV:  4    Int: 10    God:    Uskayaw [*.....]
Gold:   0          SH:  0    Dex: 20    Spells: 8/8 levels left

rFire   . . .      SeeInvis +   m - +2 rapier (freeze)
rCold   . . .      Faith    .   c - +0 buckler
rNeg    + + +      Spirit   .   b - +0 robe
rPois   ∞          Reflect  .   (helmet restricted)
rElec   .          Harm     .   n - +0 cloak
rCorr   .          Rampage  .   (gloves unavailable)
Will    +....      NoTele   +   (boots unavailable)
Stlth   ++++++....              (no amulet)
HPRegen 0.16/turn               o - +3 ring of dexterity
MPRegen 0.15/turn               p - +3 ring of dexterity

@: petrified, spiked, invisible, very quick
A: very small, no large weapons, unfitting armour, see invisible, speed 3
a: Renounce Religion, Stomp


You were in the Dungeon.
You worshipped Uskayaw.
Uskayaw was aware of your devotion.
You visited 1 branch

Inventory:

Hand Weapons
 a - a +0 rapier
 m - a +2 rapier of freezing (weapon)
Armour
 b - a +0 robe (worn)
 c - a +0 buckler (worn)
 n - a +0 cloak (worn)
Jewellery
 o - a +3 ring of dexterity (left hand)
 p - a +3 ring of dexterity (right hand)
Wands
 l - a wand of roots (9)
Scrolls
 j - 2 scrolls of blinking
 k - 2 scrolls of amnesia
Potions
 d - a potion of might
 e - 5 potions of curing
 g - a potion of haste
 h - 2 potions of magic


   Skills:
 + Level 6.2 Fighting
 * Level 10.3 Short Blades
 + Level 9.9 Dodging
 * Level 13.9 Stealth
 * Level 7.4 Shields
 * Level 8.5 Invocations


You had 8 spell levels left.
You didn't know any spells.
Your spell library was empty.

Dungeon Overview and Level Annotations

Branches:
Dungeon (1/1)

Altars:
Cheibriados
Dithmenos
Elyvilon
Fedhas
Gozag
Hepliaklqana
Kikubaaqudgha
Makhleb
Nemelex Xobeh
Okawaru
Qazlal
Ru
Sif Muna
Trog
Uskayaw
Vehumet
Wu Jian
Xom
Yredelemnul
Zin
The Shining One
Jiyva
Lugonu


Innate Abilities, Weirdness & Mutations

You are very small and have problems with some larger weapons.
You are too small for most types of armour.
You have supernaturally acute eyesight. (SInv)
You cover ground extremely quickly. (Speed+++)


Message History

The basilisk seems less confused.
The manticore seems less confused.
You hit the basilisk.
The basilisk seems to slow down.
You freeze the basilisk.
The basilisk is severely wounded.
The basilisk misses you.
Okay, then.
You hit the basilisk. You freeze the basilisk.
The basilisk is severely wounded.
You closely miss the basilisk.
The basilisk is severely wounded.
The basilisk gazes at you.
You are slowing down.
Unknown command.
You fade into invisibility!
The manticore flicks its tail.
The volley of spikes hits the basilisk!
The basilisk dies!
The manticore flicks its tail.
The volley of spikes hits you!
The barbed spikes become lodged in your body.
* * * LOW HITPOINT WARNING * * *
Your limbs are stiffening.
You have reached level 9!
Your experience leads to an increase in your attributes!
Your base attributes are Str 14, Int 10, Dex 14.
Increase (S)trength, (I)ntelligence, or (D)exterity?
You feel stronger. x2
Unknown command.
Unknown command.
The manticore flicks its tail.
The volley of spikes hits you!
The barbed spikes become lodged in your body.
* * * LOW HITPOINT WARNING * * *
You have turned to stone.
The manticore bites you.
* * * LOW HITPOINT WARNING * * *
The manticore claws you.
* * * LOW HITPOINT WARNING * * *
The manticore claws you. The manticore bites you!!
You die... ▓▓▓▓▓▓▓▓▓▓▓▓▓▓▓▓▓▓▓▓▓ .[.[..')..)..'.)@H..+ ▓▓▓▓▓▓▓▓▓▓▓▓▓▓▓▓▓▓▓▓▓

You could see a manticore (unable to see you).

Vanquished Creatures
  A hydra (D)
  An ugly thing (D)
  A gargoyle (D)
  A wyvern (D)
  A wraith (D)
  A yak (D)
  A killer bee (D)
  A gnoll bouda (D)
  3 orc wizards (D)
  2 adders (D)
  2 orcs (D)
  An endoplasm (D)
  A hobgoblin (D)
  A bat (D)
  A frilled lizard (D)
  A kobold (D)
20 creatures vanquished.

Vanquished Creatures (others)
  A basilisk (D)
1 creature vanquished.

Grand Total: 21 creatures vanquished

Notes
Turn   | Place    | Note
-------+----------+-------------------------------------------
     0 | D        | Groucho the Spriggan Fighter began the quest for the Orb.
     0 | D        | Reached XP level 1. HP: 11/11 MP: 2/2
    10 | D        | Reached skill level 1 in Stealth
    16 | D        | Reached skill level 2 in Stealth
   209 | D        | Noticed an orc wizard
   214 | D        | Reached skill level 3 in Stealth
   214 | D        | Reached XP level 2. HP: 16/16 MP: 3/3
   220 | D        | Reached skill level 5 in Dodging
   220 | D        | Reached skill level 4 in Stealth
   220 | D        | Reached XP level 3. HP: 20/20 MP: 4/4
   611 | D        | Found a snail-covered altar of Cheibriados.
   611 | D        | Found a shadowy altar of Dithmenos.
   611 | D        | Found a white marble altar of Elyvilon.
   611 | D        | Found a blossoming altar of Fedhas.
   611 | D        | Found an opulent altar of Gozag.
   612 | D        | Found a hazy altar of Hepliaklqana.
   613 | D        | Found a viscous altar of Jiyva.
   614 | D        | Found an ancient bone altar of Kikubaaqudgha.
   615 | D        | Found a corrupted altar of Lugonu.
   616 | D        | Found a burning altar of Makhleb.
   617 | D        | Found a sparkling altar of Nemelex Xobeh.
   618 | D        | Found an iron altar of Okawaru.
   619 | D        | Found a stormy altar of Qazlal.
   620 | D        | Found a sacrificial altar of Ru.
   621 | D        | Found a shimmering blue altar of Sif Muna.
   622 | D        | Found a bloodstained altar of Trog.
   623 | D        | Found a hide-covered altar of Uskayaw.
   624 | D        | Found a radiant altar of Vehumet.
   625 | D        | Found an ornate altar of the Wu Jian Council.
   626 | D        | Found a shimmering altar of Xom.
   627 | D        | Found a basalt altar of Yredelemnul.
   628 | D        | Found a glowing silver altar of Zin.
   629 | D        | Found a glowing golden altar of the Shining One.
   631 | D        | Became a worshipper of Uskayaw the Reveller
   666 | D        | Noticed a wyvern
   666 | D        | Noticed a yak
   666 | D        | Noticed a killer bee
   666 | D        | Noticed a wraith
   668 | D        | Reached * piety under Uskayaw
   669 | D        | Reached skill level 5 in Stealth
   669 | D        | Reached skill level 1 in Invocations
   669 | D        | Reached XP level 4. HP: 25/25 MP: 5/5
   670 | D        | Killed a wyvern
   670 | D        | Reached ** piety under Uskayaw
   671 | D        | Reached skill level 8 in Stealth
   671 | D        | Reached XP level 5. HP: 30/30 MP: 5/8
   672 | D        | Killed a yak
   672 | D        | Reached *** piety under Uskayaw
   673 | D        | Reached skill level 9 in Stealth
   673 | D        | Reached skill level 5 in Shields
   673 | D        | Reached skill level 5 in Invocations
   673 | D        | Reached XP level 6. HP: 32/34 MP: 5/10
   675 | D        | Reached **** piety under Uskayaw
   693 | D        | Killed a wraith
   694 | D        | Reached skill level 5 in Fighting
   694 | D        | Reached skill level 10 in Stealth
   694 | D        | Reached XP level 7. HP: 26/39 MP: 9/12
   981 | D        | Noticed a cyan ugly thing
   981 | D        | Noticed a gargoyle
   981 | D        | Noticed an eight-headed hydra
   981 | D        | Noticed a basilisk
   981 | D        | Noticed a manticore
  1018 | D        | Killed a cyan ugly thing
  1019 | D        | Reached skill level 12 in Stealth
  1019 | D        | Reached XP level 8. HP: 14/44 MP: 12/14
  1562 | D        | Killed a gargoyle
  1566 | D        | Killed an eight-headed hydra
  1567 | D        | Reached skill level 10 in Short Blades
  1567 | D        | Reached skill level 13 in Stealth
  1576 | D        | HP: 1/44 [manticore (19)]
  1588 | D        | Reached XP level 9. HP: 9/48 MP: 12/16
  1590 | D        | HP: 2/48 [manticore (3)]
  1591 | D        | Mangled by a manticore

Illustrated notes

Levels and vault maps discovered:
D:        linesprint [early_d, line_temple, items_1, d_10, items_2, lair_1,
          lair_end, items_3, orc_1, orc_end, items_4, d_15, swamp_1, shoals_1,
          snake_1, spider_1, d_20, vaults_1, items_5, swamp_end, shoals_end,
          snake_end, spider_end, vaults_end, d_27, items_6, zot_1, zot_end,
          crypt_end, forest_end, elf_end, slime_end, tomb_end, abyss_end,
          pan_hell_end]

Skill      XL: |  1  2  3  4  5  6  7  8 |
---------------+-------------------------+-----
Stealth        | 3 4 5 8 9 10 12 13 | 13.9
Fighting       | 3 4 5 6 |  6.2
Short Blades   | 3 4 6 7 8 10 | 10.3
Dodging        | 5 6 7 8 9 |  9.9
Shields        | 3 4 5 6 7 |  7.4
Invocations    | 1 3 5 7 8 |  8.5

Action                   |  1- 3 |  4- 6 |  7- 9 || total
-------------------------+-------+-------+-------++-------
Melee: Rapier            |    28 |    16 |    26 ||    70
Invok: Line Pass         |       |     2 |     4 ||     6
Evoke: Wand              |       |       |     1 ||     1
  Use: Potion            |     1 |     2 |     4 ||     7
 Stab: Sleeping          |     1 |     2 |     2 ||     5
       Paralysed         |       |     2 |       ||     2
       Confused          |       |       |     1 ||     1
Armor: Robe              |     3 |       |       ||     3
Dodge: Dodged            |    16 |    10 |    22 ||    48
Block: Buckler           |     4 |     6 |    10 ||    20
